 Dungeon Crawl Stone Soup version 0.29-a0-72-g1732ff48e7 (webtiles) character file.

Game seed: 10419073015916522897

1581 HallandMoats the Skirmisher (level 8, -6/39 HPs)
             Began as a Vine Stalker Fighter on Feb 3, 2022.
             Was a Priest of Hepliaklqana.
             Mangled by Maggie (11 damage)
             ... on level 6 of the Dungeon.
             The game lasted 00:06:55 (4373 turns).

HallandMoats the Skirmisher (Vine Stalker Fighter)  Turns: 4373, Time: 00:06:55

Health: -6/39      AC:  7    Str: 20    XL:     8   Next: 91%
Magic:  0/12       EV: 12    Int:  8    God:    Hepliaklqana [***...]
Gold:   181        SH:  5    Dex: 15    Spells: 7/7 levels left

rFire   + . .      SeeInvis .   a - +0 trident
rCold   . . .      Faith    .   c - +0 buckler
rNeg    + . .      Spirit   +   i - +2 leather armour {rF+}
rPois   +          Reflect  .   f - +1 helmet
rElec   .          Harm     .   (no cloak)
rCorr   .          Rampage  .   (no gloves)
Will    +....                   (no boots)
Stlth   +.........              (no amulet)
HPRegen 0.93/turn               b - ring of positive energy
MPRegen 0.13/turn               m - ring of poison resistance

@: mighty, mesmerised
A: reduced essence, fangs 3, regeneration 1, magic shield, antimagic bite, no
potion heal 2
a: Renounce Religion, Recall Ancestor, Ancestor Identity, Transference


You were on level 6 of the Dungeon.
You worshipped Hepliaklqana.
Hepliaklqana was most pleased with you.
You visited 1 branch of the dungeon, and saw 6 of its levels.

You collected 181 gold pieces.

Inventory:

Hand Weapons
 a - a +0 trident (weapon)
Armour
 c - a +0 buckler (worn)
 f - a +1 helmet (worn)
 i - a +2 leather armour of fire resistance (worn)
Jewellery
 b - a ring of positive energy (left hand)
 m - a ring of poison resistance (right hand)
 r - an amulet of reflection
Wands
 l - a wand of charming (12)
Scrolls
 e - 5 scrolls of identify
 h - a scroll of summoning {unknown}
 p - 2 scrolls of teleportation
Potions
 d - a potion of might
 g - 2 potions of curing
 k - a potion of haste
 t - a potion of heal wounds {unknown}


   Skills:
 * Level 5.4 Fighting
 * Level 5.0 Polearms
 + Level 3.8 Armour
 + Level 2.5 Dodging
 + Level 4.2 Shields
 * Level 4.9 Invocations


You had 7 spell levels left.
You didn't know any spells.
Your spell library contained the following spells:

 Spells                   Type           Power      Damage    Failure   Level
 Sandblast                Erth           0%         2d4       54%         1
 Passwall                 Tmut/Erth      0%         N/A       69%         2
 Ozocubu's Armour         Ice            0%         N/A       89%         3
 Stone Arrow              Conj/Erth      0%         3d7       89%         3
 Animate Armour           Summ/Erth      0%         N/A       100%        4
 Alistair's Intoxication  Tmut/Pois      0%         N/A       100%        5
 Borgnjor's Vile Clutch   Necr/Erth      0%         N/A       100%        5
 Metabolic Englaciation   Hex/Ice        0%         N/A       100%        5
 Eringya's Noxious Bog    Tmut/Pois      0%         N/A       100%        6
 Simulacrum               Ice/Necr       0%         N/A       100%        6
 Lehudib's Crystal Spear  Conj/Erth      0%         10d2      100%        8


Dungeon Overview and Level Annotations

Branches:
Dungeon (6/15)             Temple (0/1) D:5

Altars:
Fedhas
Gozag
Hepliaklqana
Makhleb
Wu Jian
The Shining One

Portals:
Abyss: D:3

Annotations:
D:3 2 transporters
D:6 Maggie


Innate Abilities, Weirdness & Mutations

Your life essence is reduced to manifest your ancestor. (-10% HP)
You have razor-sharp teeth.
Your natural rate of healing is unusually fast.
When hurt, damage is shared between your health and your magic reserves.
Your bite disrupts and absorbs the magic of your enemies.
Potions cannot restore your health.


Message History

The white imp freezes you.
* * * LOW HITPOINT WARNING * * *
Maggie barely misses you.
Maggie barely misses Vinny.
Vinny hits Maggie with a +0 dagger of draining!
Vinny drains Maggie.
Unknown command.
You barely miss Maggie.
Maggie is severely wounded.
The white imp closely misses you. Maggie barely misses you.
Maggie hits Vinny with a +1 broad axe of distortion!
Space warps around Vinny.
Vinny barely misses Maggie.
You hit Maggie but do no damage. Your bite misses Maggie.
Maggie is severely wounded.
The white imp barely misses you. Maggie barely misses you.
Maggie hits Vinny with a +1 broad axe of distortion.
Space warps horribly around Vinny!
Vinny is destroyed!
You hit Maggie but do no damage. You bite Maggie.
Maggie's magic leaks into the air.
You drain her magic.
You feel invigorated.
Maggie is severely wounded.
The white imp hits you but does no damage.
Maggie smiles, but it's obviously fake.
Maggie closely misses you.
You hit Maggie. Your bite misses Maggie.
Maggie is severely wounded.
You block the white imp's attack.
Maggie hits you with a +1 broad axe of distortion!
* * * LOW HITPOINT WARNING * * *
You blink.
You cannot move away from Maggie!
You cannot move away from Maggie!
You have no ailments to cure.
Okay, then.
You feel very mighty all of a sudden.
You hit Maggie. Your bite misses Maggie.
Maggie is severely wounded.
You block Maggie's attack.
The white imp hits you but does no damage.
Maggie hits you with a +1 broad axe of distortion!
You die...

#..............#
#...(...........
##...............
#####..........†...(.
.....................
..........^..........
#..................
#.5@...##..........
#.@...#####<..###..
#....## ##...###.
#...## ##...... #..##
#...... #...#
##...##. #..##
#...#### #.. #..## #
..# ##.## #.##


You could see Maggie (mesmerising, fast, slow, drained, magic disrupted) and a
white imp.

Vanquished Creatures
  Pikel (D:5)
  Sigmund (D:5)
  An ogre (D:5)
  A phantom (D:6)
  A kobold brigand (D:4)
  A scorpion (D:3)
  A gnoll shaman (D:6)
  A bullfrog skeleton (D:4)
  An iguana (D:5)
  A hound skeleton (D:4)
  A mummy (D:5)
  3 gnolls (D:6)
  3 adders
  A dart slug (D:2)
  2 orcs
  8 ball pythons
  5 bats
  4 endoplasms
  2 giant cockroaches
  11 hobgoblins
  16 jackals
  3 quokkas
  3 frilled lizards
  4 goblins
  2 hobgoblin zombies (D:5)
  12 kobolds
  An orc zombie (D:5)
  7 rats
98 creatures vanquished.

Vanquished Creatures (collateral kills)
  Edmund (D:5)
  An ogre (D:5)
  A lemure (D:5)
  A water moccasin zombie (D:5)
  2 hounds
  An iguana (D:5)
  A hound skeleton (D:4)
  A gnoll (D:6)
  3 adders
  An adder skeleton (D:4)
  A worm (D:4)
  A dart slug (D:4)
  2 ball pythons (D:4)
  A goblin (D:3)
  3 hobgoblins
  4 jackals
  A bat (D:2)
  4 kobolds (D:4)
  An orc zombie (D:5)
31 creatures vanquished.

Vanquished Creatures (others)
  2 hexers
2 creatures vanquished.

Grand Total: 131 creatures vanquished

Notes
Turn   | Place    | Note
-------+----------+-------------------------------------------
     0 | D:1      | HallandMoats the Vine Stalker Fighter began the quest for
                  | the Orb.
     0 | D:1      | Reached XP level 1. HP: 11/11 MP: 2/2
   209 | D:1      | Reached XP level 2. HP: 16/16 MP: 3/3
   497 | D:1      | Reached skill level 1 in Invocations
   569 | D:1      | Reached XP level 3. HP: 18/19 MP: 4/4
   597 | D:1      | Found a faded altar of an unknown god.
   610 | D:1      | Prayed at the altar of an unknown god.
   610 | D:1      | Became a worshipper of Hepliaklqana the Forgotten
   610 | D:1      | Reached * piety under Hepliaklqana
  1389 | D:2      | Gained mutation: Your natural rate of healing is unusually
                  | fast. [Vine Stalker growth]
  1389 | D:2      | Reached XP level 4. HP: 7/21 MP: 3/6
  1924 | D:3      | Found a transporter.
  1958 | D:3      | Noticed a small abomination
  1973 | D:3      | Found a transporter.
  1980 | D:3      | Reached ** piety under Hepliaklqana
  1981 | D:3      | Remembered your ancestor Vinny as a hexer
  2031 | D:3      | Noticed a scorpion
  2040 | D:3      | Killed a scorpion
  2041 | D:3      | Reached XP level 5. HP: 24/25 MP: 5/7
  2274 | D:3      | Found a one-way gate to the infinite horrors of the Abyss.
  2325 | D:3      | Found a blossoming altar of Fedhas.
  2712 | D:4      | Found a burning altar of Makhleb.
  2720 | D:4      | Reached skill level 1 in Dodging
  2785 | D:4      | Noticed a kobold brigand
  2798 | D:4      | Killed a kobold brigand
  2799 | D:4      | Reached XP level 6. HP: 25/29 MP: 6/8
  3305 | D:4      | Reached *** piety under Hepliaklqana
  3508 | D:5      | Entered Level 5 of the Dungeon
  3627 | D:5      | Found a staircase to the Ecumenical Temple.
  3679 | D:5      | Reached XP level 7. HP: 33/33 MP: 10/10
  3707 | D:5      | Found a glowing golden altar of the Shining One.
  3726 | D:5      | Noticed Edmund
  3727 | D:5      | Found an ornate altar of the Wu Jian Council.
  3733 | D:5      | Killed Edmund
  3820 | D:5      | Noticed Pikel
  3838 | D:5      | HP: 1/34 [Pikel (2)]
  3876 | D:5      | Killed Pikel
  3877 | D:5      | Reached skill level 5 in Fighting
  3877 | D:5      | Gained mutation: You have razor-sharp teeth. [Vine Stalker
                  | growth]
  3877 | D:5      | Reached XP level 8. HP: 34/38 MP: 9/12
  4057 | D:5      | Found an opulent altar of Gozag.
  4062 | D:5      | Noticed Sigmund
  4074 | D:5      | Killed Sigmund
  4197 | D:6      | Reached skill level 5 in Polearms
  4355 | D:6      | Noticed Maggie
  4373 | D:6      | Mangled by Maggie

Illustrated notes

Levels and vault maps discovered:
D:1:      dpeg_arrival_concentric_ovals, layout_basic,
          hellmonk_ecumenical_altar_crossroads
D:2:      layout_basic, minmay_pentomino_r2
D:3:      layout_loops_ring, lemuel_round_altar, gammafunk_ghost_abyssal_escape,
          serial_bayou_pond_e
D:4:      cheibrodos_thug_alley, layout_cave_pods, mainiacjoe_overflow_catwalk,
          serial_glass, glass_columns_a, glass_columns_a, saegor_snake_ambush
D:5:      layout_cave_pools, mainiacjoe_overflow_alcove_4,
          nzn_wu_jian_contemplation, old_standard_altar,
          minmay_temple_entry_junction, grunt_decor_fettered,
          minmay_mini_ossuary, uniq_pikel, uniq_edmund, uniq_sigmund
D:6:      layout_layer_cave, grunt_dithmenos_shadows,
          nicolae_ossuary_entry_catacombs, uniq_maggie, uniq_eustachio

Skill      XL: |  1  2  3  4  5  6  7  8 |
---------------+-------------------------+-----
Polearms       | 2 3 4 5 |  5.0
Invocations    | 1 2 3 4 |  4.9
Fighting       | 3 4 5 |  5.4
Shields        | 3 4 |  4.2
Dodging        | 1 2 |  2.5
Armour         | 3 |  3.8

Action                   |  1- 3 |  4- 6 |  7- 9 || total
-------------------------+-------+-------+-------++-------
Melee: Trident           |    89 |   160 |    93 ||   342
       Bite              |    16 |    31 |    21 ||    68
Invok: Ancestor Identity |     1 |       |       ||     1
       Ancestor Life: He |       |     1 |       ||     1
  Use: Scroll            |       |     8 |       ||     8
       Potion            |       |       |     1 ||     1
 Stab: Sleeping          |     5 |     3 |     1 ||     9
       Confused          |       |     1 |       ||     1
       Distracted        |       |     2 |     1 ||     3
Armor: Scale mail        |     9 |       |       ||     9
       Leather armour    |    16 |    38 |    15 ||    69
Dodge: Dodged            |    34 |    58 |    54 ||   146
Block: Buckler           |    15 |    26 |    18 ||    59

Table legend: (Time is in decaauts)
 A = Elapsed time spent in this place.
 B = Non-inter-level travel time spent in this place.
 C = Inter-level travel time spent in this place.
 D = Time resting spent in this place.
 E = Time spent auto-exploring this place.
 F = Levels seen in this place.
 G = Mean time per level.
                   A        B        C        D        E       F      G
               +--------+--------+--------+--------+--------+-----+--------+
         Total |   4460 |   4323 |    137 |      4 |   3477 |   6 |  743.3 |
       Dungeon |   4460 |   4323 |    137 |      4 |   3477 |   6 |  743.3 |
               +--------+--------+--------+--------+--------+-----+--------+

Top non-repeatable levels by time:
     D:2: 1012 daAuts
     D:4: 960 daAuts
     D:1: 924 daAuts
     D:5: 683 daAuts
     D:3: 682 daAuts
     D:6: 196 daAuts
